 Dungeon Crawl Stone Soup version 0.22.1-5-g62c59d919a (webtiles) character file.

137 Riddle the Skirmisher (level 5, -8/46 HPs)
             Began as a Mummy Chaos Knight on Jan 15, 2019.
             Mangled by an ogre
             ... wielding a +0 giant club
              (17 damage)
             ... on level 4 of the Dungeon.
             The game lasted 00:03:26 (3057 turns).

Riddle the Skirmisher (Mummy Chaos Knight)          Turns: 3057, Time: 00:03:26

Health: -8/46      AC:  5    Str: 17    XL:     5   Next: 0%
Magic:  5/5        EV: 11    Int: 11    God:    Xom [.*....]
Gold:   185        SH:  0    Dex: 11    Spells: 4/4 levels left

rFire    x . .     SeeInvis .   k - +0 long sword
rCold    + . .     Gourm    .   (no shield)
rNeg     + + +     Faith    .   b - +2 leather armour
rPois    ∞         Spirit   .   (no helmet)
rElec    .         Reflect  .   (no cloak)
rCorr    .         Harm     .   (no gloves)
MR       .....                  (no boots)
Stlth    +.........             (no amulet)
HPRegen  0.15/turn              (no ring)
MPRegen  0.09/turn              (no ring)

@: no status effects
A: no food or potions, fire vulnerability, cold resistance 1, negative energy
resistance 3, torment resistance, unbreathing
a: Renounce Religion


You were on level 4 of the Dungeon.
You worshipped Xom.
You were a plaything of Xom.
You were not hungry.

You visited 1 branch of the dungeon, and saw 4 of its levels.

You collected 185 gold pieces.

Inventory:

Hand Weapons
 k - a +0 long sword (weapon)
Armour
 b - a +2 leather armour (worn)
Wands
 g - a wand of iceblast (5)
Scrolls
 a - a scroll of enchant weapon {unknown}
 c - a scroll of fog {unknown}
 d - 2 scrolls of remove curse {unknown}
 e - a scroll of blinking {unknown}
 f - 5 scrolls of identify {unknown}
 j - 2 scrolls of teleportation {unknown}


   Skills:
 + Level 5.7 Fighting
   Level 2.4 Maces & Flails
 - Level 1.5 Armour
 - Level 0.7 Dodging


You had 4 spell levels left.
You didn't know any spells.
Your spell library was empty.

Dungeon Overview and Level Annotations

Branches:
Dungeon (4/15)             Temple (0/1) D:4

Altars:
Dithmenos
Makhleb
Okawaru
Xom


Innate Abilities, Weirdness & Mutations

You do not eat or drink.
Your flesh is vulnerable to fire.
You are immune to poison.
Your flesh is cold resistant. (rC+)
You are immune to negative energy. (rN+++)
You are immune to unholy pain and torment.
You can survive without breathing.


Message History

The ogre is heavily wounded.
The ogre is no longer paralysed.
The ogre is no longer petrified.
Something bites you. The ogre barely misses you.
You riposte.
You barely miss the ogre.
The ogre is heavily wounded.
Something bites you but does no damage.
You hit the ogre but do no damage.
The ogre is heavily wounded.
The ogre hits you with a giant club!
* * * LOW HITPOINT WARNING * * *
Something bites you but does no damage.
Unknown command.
The ogre is engulfed in seething chaos.
There is a stone staircase leading up here.
The ogre is engulfed in seething chaos.
The ogre flickers and vanishes!
Xom is highly amused!
Xom thinks this is hilarious!
You start resting.
You hear the slow rusting of a very distant drain.
Something hits you!
You die...

* * #****####
..,,,,..##############
#.###*#.##......@§§..#
....###.##.#########.#
**#.....<..# *,# *
#.>...#### *,*
###..##†# *,*
........# *<*
#...a##.# *,*
...#.##.#****** *,*
........#,,,,,* *,*


There were no monsters in sight!

Vanquished Creatures
  7 adders
  An ooze (D:2)
  2 worms (D:2)
  A dart slug (D:1)
  2 leopard geckos
  An orc (D:3)
  A ball python (D:2)
  6 giant cockroaches
  6 goblins
  8 hobgoblins
  3 jackals (D:4)
  6 bats
  3 frilled lizards (D:1)
  4 kobolds
  7 rats
58 creatures vanquished.

Notes
Turn   | Place    | Note
-------+----------+-------------------------------------------
     0 | D:1      | Riddle the Mummy Chaos Knight began the quest for the Orb.
     0 | D:1      | Reached XP level 1. HP: 18/18 MP: 1/1
    44 | D:1      | XOM: divination: detect items
   265 | D:1      | Reached XP level 2. HP: 24/24 MP: 2/2
   542 | D:1      | XOM: harmless Summ miscast
   581 | D:1      | Reached skill level 4 in Fighting
   840 | D:2      | Reached XP level 3. HP: 30/30 MP: 3/3
  1351 | D:2      | XOM: harmless Conj miscast
  1438 | D:2      | Reached XP level 4. HP: 24/38 MP: 4/4
  1599 | D:2      | Reached skill level 5 in Fighting
  1640 | D:2      | Found a shadowy altar of Dithmenos.
  1640 | D:2      | Found a burning altar of Makhleb.
  1701 | D:2      | XOM: harmless Fire miscast
  1867 | D:2      | XOM: scenery: create altars
  1996 | D:2      | XOM: cloud trail
  2517 | D:3      | Found an iron altar of Okawaru.
  2521 | D:3      | XOM: noise
  2562 | D:3      | XOM: 1-stop teleportation journey
  2737 | D:3      | XOM: scenery: 2 doors open
  2991 | D:3      | XOM: cloud trail
  3018 | D:4      | Noticed an ogre
  3034 | D:4      | Reached XP level 5. HP: 16/46 MP: 5/5
  3057 | D:4      | Mangled by an ogre

Skill      XL: |  1  2  3  4 |
---------------+-------------+-----
Fighting       | 4 5 |  5.7
Maces & Flails | |  2.4
Armour         | |  1.5
Dodging        | |  0.7

Action                   |  1- 3 |  4- 6 || total
-------------------------+-------+-------++-------
Melee: Mace              |    88 |       ||    88
       War axe           |    17 |    66 ||    83
       Long sword        |       |    18 ||    18
  Use: Scroll            |       |     1 ||     1
 Stab: Paralysed         |       |     6 ||     6
       Petrified         |       |     2 ||     2
Armor: Leather armour    |    40 |    41 ||    81
Dodge: Dodged            |    68 |    80 ||   148
       Rpst.: Long sword |       |     9 ||     9
